Map: Jagannatha LE

Players

PiLiPiLi

  • Race: Protoss Protoss
  • League: Grandmaster
  • Spawn Location: 1:00

Namshar - Winner!

  • Race: Zerg Zerg
  • League: Grandmaster
  • Spawn Location: 7:00

Event: DreamHack SC2 Masters 2020 Winter

VOD

Have the link to the VOD?

Description

Time

  • Played on: Nov. 5, 2020, 5:08 p.m.
  • Length: 12:24

All games in this series

Show
View Real Time Build Order
Export as new Build Order

PiLiPiLi Protoss 

Build Orders: 1 Gate Expand, Oracle Opening 

Get SALT Encoding   

  12  0:00  Probe  
  13  0:12  Probe  
  14  0:20  Pylon  
  14  0:25  Probe  
  15  0:38  Probe (Chrono Boost)  
  15  0:40  Gateway  
  16  0:47  Probe (Chrono Boost)  
  16  0:49  Assimilator  
  17  0:53  Probe  
  18  1:05  Probe  
  19  1:17  Probe  
  20  1:23  Nexus  
  20  1:34  Cybernetics Core  
  20  1:37  Probe  
  21  1:42  Assimilator  
  21  1:49  Probe  
  21  1:52  Pylon  
  22  2:01  Probe  
  22  2:08  Stalker (Chrono Boost)  
  23  2:11  Warp Gate  
  23  2:13  Probe  
  26  2:25  Probe  
  26  2:29  Stargate  
  27  2:31  Adept (Chrono Boost)  
  27  2:36  Probe  
  30  2:38  Probe  
  31  2:48  Probe  
  31  2:50  Probe  
  32  2:56  Gateway  
  32  3:00  Probe  
  32  3:02  Probe  
  34  3:11  Oracle (Chrono Boost)  
  34  3:12  Probe  
  35  3:14  Probe  
  35  3:18  Adept  
  41  3:24  Probe  
  41  3:26  Probe  
  43  3:27  Pylon  
  43  3:36  Probe  
  43  3:37  Shield Battery  
  44  3:45  Oracle (Chrono Boost)  
  47  3:48  Pylon  
  47  3:49  Assimilator, Probe  
  47  3:51  Assimilator  
  48  3:56  Probe  
  48  3:58  Robotics Facility  
  49  4:06  Probe  
  50  4:11  Adept x2  
  50  4:12  Probe  
  55  4:18  Probe  
  56  4:24  Probe  
  56  4:25  Pylon  
  56  4:30  Probe  
  58  4:37  Probe  
  59  4:45  Immortal (Chrono Boost)  
  59  4:47  Probe  
  62  5:02  Probe  
  62  5:03  Sentry x2  
  62  5:06  Gateway x2, Nexus  
  63  5:09  Pylon  
  61  5:14  Gateway  
  61  5:16  Gateway  
  61  5:25  Warp Prism (Chrono Boost)  
  63  5:33  Gateway  
  63  5:40  Sentry x2  
  66  5:45  Pylon  
  66  5:48  Gateway  
  66  5:52  Pylon  
  66  6:06  Stalker  
  66  6:07  Stalker x3  
  74  6:15  Pylon  
  74  6:17  Stalker x2  
  78  6:26  Stalker  
  78  6:28  Stalker  
  78  6:30  Stalker x3  
  88  6:33  Stalker x2  
  90  6:51  Stalker x4  
  75  7:06  Stalker  
  75  7:07  Stalker x3  
  57  7:20  Stalker x4  
  58  7:25  Robotics Bay  
  58  7:29  Pylon  
  58  7:31  Sentry x2  
  58  7:32  Zealot  
  58  7:41  Zealot, Sentry x3  
  66  7:52  Probe x2  
  66  7:53  Phoenix  
  68  8:04  Robotics Facility, Probe  
  69  8:09  Disruptor (Chrono Boost)  
  69  8:10  Nexus  
  72  8:15  Shield Battery  
  72  8:16  Adept x4  
  80  8:20  Probe  
  80  8:21  Probe  
  82  8:32  Probe  
  83  8:35  Disruptor (Chrono Boost)  
  86  8:49  Disruptor (Chrono Boost)  
  89  9:00  Stalker x2, Disruptor (Chrono Boost)  
  89  9:01  Zealot  
  89  9:02  Zealot x2  
  102  9:04  Pylon  
  102  9:05  Pylon  
  102  9:21  Warp Prism (Chrono Boost)  
  104  9:32  Stalker  
  104  9:33  Stalker x3  
  112  9:39  Stalker  
  112  9:42  Disruptor (Chrono Boost)  
  112  9:44  Pylon  
  114  9:48  Disruptor (Chrono Boost)  
  120  9:54  Adept x2  
  120  9:57  Pylon  
  124  10:05  Pylon  
  124  10:12  Adept x4  
  132  10:14  Adept  
  134  10:27  Stalker  
  136  10:29  Stalker x2  
  128  10:44  Stalker x2  
  128  10:45  Stalker x3  
  138  11:00  Stalker x3  
  142  11:13  Zealot x5  
  142  11:14  Disruptor  
  155  11:30  Stalker x2  
  155  11:31  Stalker  
  154  11:44  Stalker  
  154  11:45  Stalker x2  
  154  11:47  Zealot  
  131  12:00  Stalker  
  131  12:01  Stalker x3  
Show
View Real Time Build Order
Export as new Build Order

Namshar Zerg - Winner!

Build Orders: Hatch First 

Get SALT Encoding   

  12  0:00  Drone  
  13  0:12  Overlord  
  13  0:17  Drone  
  14  0:30  Drone x2  
  16  0:48  Hatchery  
  15  0:51  Drone  
  15  0:54  Drone  
  17  0:57  Drone  
  18  1:08  Extractor  
  17  1:13  Spawning Pool  
  17  1:16  Drone  
  17  1:20  Drone  
  18  1:27  Drone  
  19  1:38  Drone  
  20  1:49  Drone  
  21  2:00  Queen x2, Overlord  
  25  2:01  Zergling x2  
  26  2:12  Metabolic Boost, Zergling x2  
  26  2:13  Drone  
  28  2:20  Drone  
  28  2:21  Drone  
  30  2:33  Drone x2  
  32  2:38  Hatchery  
  32  2:43  Drone  
  32  2:44  Overlord  
  32  2:56  Queen  
  32  2:57  Drone  
  35  3:02  Overlord  
  35  3:11  Drone x3  
  35  3:12  Overlord  
  37  3:13  Overlord  
  37  3:14  Drone  
  37  3:15  Drone  
  39  3:22  Drone x2  
  39  3:27  Overlord  
  41  3:29  Spore Crawler  
  41  3:32  Queen  
  42  3:37  Drone  
  43  3:42  Spore Crawler  
  43  3:47  Drone x2  
  45  3:48  Drone  
  45  3:52  Queen  
  47  3:55  Drone  
  47  3:56  Drone x2  
  47  3:57  Drone, Spore Crawler  
  50  4:06  Drone  
  50  4:07  Drone x4  
  53  4:15  Drone x3  
  56  4:24  Drone, Overlord  
  57  4:25  Drone x3  
  57  4:30  Roach Warren  
  59  4:36  Zergling x8  
  63  4:44  Zergling x6  
  62  4:46  Zergling x6  
  64  4:57  Drone x6  
  64  4:58  Drone  
  68  5:01  Drone  
  66  5:07  Lair  
  66  5:11  Drone x3, Extractor  
  66  5:12  Extractor  
  67  5:17  Extractor  
  67  5:18  Drone  
  67  5:19  Drone  
  68  5:22  Drone x4  
  68  5:23  Evolution Chamber  
  68  5:27  Queen  
  73  5:31  Overlord x3  
  73  5:39  Overlord  
  72  5:49  Extractor  
  71  5:50  Extractor  
  71  5:51  Drone x11  
  81  6:01  Overlord x2  
  81  6:03  Roach x4  
  86  6:08  Spine Crawler  
  86  6:09  Roach x3  
  90  6:17  Roach x3  
  96  6:22  Roach  
  96  6:23  Roach  
  96  6:24  Ravager x4  
  104  6:30  Roach  
  105  6:33  Overlord x2, Ravager  
  105  6:35  Roach x3  
  112  6:40  Roach x4  
  115  6:50  Roach x2  
  115  6:53  Roach x4  
  112  6:58  Roach x2  
  103  7:05  Roach  
  103  7:06  Roach x2  
  95  7:19  Drone x7  
  99  7:24  Zerg Missile Weapons Level 1, Glial Reconstitution  
  99  7:26  Drone  
  99  7:29  Drone x2  
  102  7:35  Queen  
  104  7:38  Drone x2  
  104  7:41  Overlord  
  104  7:43  Drone  
  107  7:45  Drone  
  107  7:46  Drone  
  107  7:50  Drone x2  
  111  7:55  Overlord  
  111  7:56  Drone x3  
  114  8:01  Hydralisk Den  
  113  8:07  Overlord  
  113  8:08  Drone x5  
  113  8:09  Drone  
  119  8:18  Hatchery  
  118  8:24  Overlord  
  118  8:26  Roach  
  118  8:27  Roach x3  
  126  8:28  Overseer  
  126  8:31  Overlord  
  126  8:36  Roach x4  
  134  8:42  Ravager x5  
  134  8:43  Ravager x2  
  134  8:44  Ravager  
  142  8:48  Overseer  
  142  8:49  Roach  
  142  8:50  Roach x3  
  150  8:56  Roach x4  
  158  9:06  Grooved Spines  
  158  9:11  Extractor, Infestation Pit, Overlord x2  
  158  9:13  Drone x4, Extractor  
  159  9:21  Drone x3  
  162  9:26  Overlord x2  
  160  9:36  Drone  
  160  9:37  Drone x10  
  166  9:40  Zerg Missile Weapons Level 2  
  166  9:47  Hive  
  166  9:57  Drone  
  167  10:01  Spine Crawler x2, Hydralisk x5  
  167  10:04  Ravager x2  
  167  10:05  Ravager x3  
  180  10:08  Ravager x2  
  180  10:13  Hydralisk  
  180  10:14  Hydralisk x3  
  182  10:17  Muscular Augments  
  182  10:18  Zergling x6, Ravager x2  
  193  10:28  Hydralisk  
  193  10:29  Hydralisk x2  
  199  10:41  Hydralisk  
  199  10:42  Zergling x16  
  188  11:00  Hydralisk x5  
Tags
 
Add a new tag
Caveats
  • Supply blocks, unpowered buildings, or Contaminate may cause inaccurate times.
  • Supply counts are checked every 10 seconds.